 Dungeon Crawl Stone Soup version 0.31.0-11-ge490571c62 (webtiles) character file.

Game seed: 11095310618842592104

468 jagang the Slasher (level 7, -4/56 HPs)
             Began as a Human Monk on Feb 7, 2024.
             Splashed by a jelly's acid (7 damage)
             ... on level 5 of the Dungeon.
             The game lasted 00:07:22 (2727 turns).

jagang the Slasher (Human Monk)                     Turns: 2727, Time: 00:07:22

Health: -4/56      AC: -6    Str: 17    XL:     7   Next: 8%
Magic:  7/7        EV: 13    Int: 10    God:
Gold:   243        SH:  0    Dex: 18    Spells: 6/6 levels left

rFire   . . .        s - +1 short sword (speed)
rCold   . . .        d - orb {light}
rNeg    . . .        p - +0 leather armour
rPois   .            (no helmet)
rElec   .            (no cloak)
rCorr   .            (no gloves)
SInv    .            f - +1 pair of boots
Will    .....        k - amulet of the acrobat
Stlth   +            b - +6 ring of strength
HPRegen 0.29/turn    t - ring of flight
MPRegen 0.10/turn

%: acrobat
@: corroded, flying, hasted, glowing, very quick
A: explore regen
a: no special abilities


You were on level 5 of the Dungeon.
You visited 1 branch of the dungeon, and saw 5 of its levels.

You collected 243 gold pieces.

Inventory:

Hand Weapons
 a - a +0 falchion
 g - a +0 dagger of venom
 s - a +1 short sword of speed (weapon)
Missiles
 h - 4 boomerangs (quivered)
 m - 2 poisoned darts
Armour
 d - an orb of light (worn)
 f - a +1 pair of boots (worn)
 p - a +0 leather armour (worn)
 w - an orb of mayhem
Jewellery
 b - a +6 ring of strength (left hand)
 k - an amulet of the acrobat (around neck)
 t - a ring of flight (right hand)
Wands
 r - a wand of roots (15)
Scrolls
 o - 3 scrolls of immolation
Potions
 c - a potion of ambrosia
 e - a potion of brilliance {unknown}
 i - 2 potions of resistance
 j - a potion of haste
 l - a potion of mutation {unknown}
 n - 2 potions of attraction {unknown}
 q - a potion of curing {unknown}
 u - a potion of heal wounds {unknown}
 z - 2 potions of might {unknown}


   Skills:
 * Level 5.2 Fighting
 * Level 5.3 Long Blades
 + Level 1.7 Throwing
 + Level 2.6 Armour
 - Level 3.0 Dodging


You had 6 spell levels left.
You didn't know any spells.
Your spell library contained the following spells:

 Spells                   Type           Power      Damage    Failure   Level
 Mercury Vapours          Alch/Air       0%         N/A       56%         2
 Mephitic Cloud           Conj/Alch/Air  0%         N/A       80%         3
 Freezing Cloud           Conj/Ice/Air   0%         6-21      100%        5


Dungeon Overview and Level Annotations

Branches:
Dungeon (5/15)
 Temple: D:4-7

Altars:
Sif Muna


Innate Abilities, Weirdness & Mutations

You regain HP and MP as you explore.


Message History

The sleepcap is almost destroyed.
You hit the sleepcap.
You destroy the sleepcap!
No target in view!
No target in view!
No target in view!
No target in view!
A jelly comes into view.
The jelly quivers.
The jelly barely misses you.
You hit the jelly but do no damage. The acid corrodes you!
Your hands burn!
You hit the jelly.
Your hands burn!
The jelly is lightly wounded.
The jelly hits you.
You are splashed with acid!
You hit the jelly. The acid corrodes you!
Your hands burn!
The jelly is lightly wounded.
You completely miss the jelly.
The jelly is lightly wounded.
The jelly hits you. The acid corrodes you!
You are splashed with acid!
You are too injured to fight recklessly!
You are too injured to fight recklessly!
You are too injured to fight recklessly!
You are too injured to fight recklessly!
You are too injured to fight recklessly!
You are too injured to fight recklessly!
You are too injured to fight recklessly!
You are too injured to fight recklessly!
Unknown command.
As you read the scroll of torment, it crumbles to dust.
Your body is wracked with pain!
* * * LOW HITPOINT WARNING * * *
The jelly convulses!
The jelly hits you.
* * * LOW HITPOINT WARNING * * *
You are splashed with acid.
* * * LOW HITPOINT WARNING * * *
Okay, then.
It was a potion of haste.
You feel yourself speed up. The jelly hits you.
* * * LOW HITPOINT WARNING * * *
You are splashed with acid!
You die...

#####.#### #.#
#........#
#.###J###.#...
#.##@........
#.....###.##.
#.....# #.....#
#.....#
#######.....#
#...........#####
##.###.....>......
#.# #...#.#######


You could see a jelly.

Vanquished Creatures
  A black bear (D:4)
  A scorpion (D:4)
  3 hounds
  2 sleepcaps
  9 adders
  2 ufetubi (D:5)
  2 ribbon worms (D:3)
  2 orcs
  9 ball pythons
  8 endoplasms
  5 giant cockroaches
  5 goblins
  4 hobgoblins
  4 jackals (D:2)
  A quokka (D:4)
  6 bats
  12 frilled lizards
  8 kobolds
  5 rats
89 creatures vanquished.

Notes
Turn   | Place    | Note
-------+----------+-------------------------------------------
     0 | D:1      | jagang the Human Monk began the quest for the Orb.
     0 | D:1      | Reached XP level 1. HP: 18/18 MP: 1/1
   102 | D:1      | Reached XP level 2. HP: 19/24 MP: 2/2
   334 | D:1      | Reached XP level 3. HP: 29/29 MP: 3/3
   356 | D:1      | Reached skill level 1 in Armour
   566 | D:2      | Reached XP level 4. HP: 37/37 MP: 4/4
  1465 | D:3      | Reached XP level 5. HP: 42/42 MP: 5/5
  1843 | D:4      | Noticed a black bear
  1860 | D:4      | Killed a black bear
  1974 | D:4      | Reached skill level 1 in Throwing
  1974 | D:4      | Reached XP level 6. HP: 49/49 MP: 6/6
  2031 | D:4      | HP: 2/50 [sleepcap (10)]
  2033 | D:4      | Reached skill level 5 in Long Blades
  2265 | D:4      | Reached skill level 5 in Fighting
  2524 | D:5      | Entered Level 5 of the Dungeon
  2570 | D:5      | Found a shimmering blue altar of Sif Muna.
  2667 | D:5      | Reached XP level 7. HP: 56/56 MP: 7/7
  2727 | D:5      | Splashed by a jelly's acid

Illustrated notes

Levels and vault maps discovered:
D:1:      eino_arrival_water_star, layout_rooms
D:2:      layout_rooms, dreamdust_wishing_well, minmay_crystal_room,
          kennysheep_big_empty_room, minmay_lizard_king
D:3:      layout_basic
D:4:      layout_cave_pools
D:5:      nicolae_cairo_tiling_large, layout_basic,
          mainiacjoe_overflow_cross_hatched, uniq_duvessa

Skill      XL: |  1  2  3  4  5  6 |
---------------+-------------------+-----
Armour         | 1 2 |  2.6
Long Blades    | 4 5 |  5.3
Fighting       | 4 5 |  5.2
Throwing       | 1 |  1.7
Dodging        | |  3.0

Action                     |  1- 3 |  4- 6 |  7- 9 || total
---------------------------+-------+-------+-------++-------
  Melee: Falchion          |    91 |    42 |       ||   133
         Short sword       |       |   175 |    17 ||   192
    Use: Scroll            |       |     4 |     1 ||     5
         Potion            |       |       |     1 ||     1
 Armour: Robe              |    54 |    16 |       ||    70
         Leather armour    |       |    74 |     9 ||    83
  Dodge: Dodged            |    89 |   155 |     4 ||   248
